Description

Double gas into mech build order for tvt

Replay - TvT: Double Gas Mech

Build Order

Get SALT Encoding   

  12  0:00  SCV  
  13  0:12  SCV  
  14  0:17  Supply Depot  
  14  0:24  SCV  
  15  0:39  SCV  
  15  0:40  Barracks  
  16  0:45  Refinery  
  16  0:51  SCV  
  16  0:53  Refinery  
  17  1:03  SCV  
  18  1:15  SCV  
  19  1:28  Reaper, Orbital Command  
  19  1:30  Supply Depot  
  20  1:43  Factory  
  21  1:54  SCV  
  21  2:00  Reaper  
  22  2:06  SCV  
  23  2:16  Command Center  
  23  2:20  SCV  
  24  2:27  Hellion  
  26  2:32  Barracks Tech Lab  
  26  2:36  Supply Depot  
  27  2:48  Starport  
  29  3:01  Cyclone  
  32  3:15  Refinery  
  33  3:26  Starport Tech Lab  
  34  3:28  Orbital Command  
  34  3:33  Cyclone  
  38  3:41  Refinery  
  42  3:57  Raven  
  43  4:05  Siege Tank  
  47  4:16  Supply Depot  
  49  4:29  Command Center  
  51  4:35  Barracks Reactor  
  54  4:39  Supply Depot  
  54  4:43  Raven  
  54  4:44  Siege Tank  
  60  5:03  Factory x2  
  63  5:22  Barracks Reactor  
  63  5:23  Engineering Bay  
  65  5:29  Siege Tank  
  65  5:31  Viking x2  
  74  5:46  Orbital Command  
  76  5:57  Siege Tank x2  
  76  6:02  Viking  
  85  6:08  Orbital Command  
  85  6:11  Viking  
  88  6:19  Hellion  
  91  6:32  Armory x2  
  91  6:35  Hellion x2, Siege Tank  
  91  6:39  Refinery x2  
  107  7:14  Siege Tank x2  
  107  7:15  Hellion x2, Viking x2  
  121  7:22  Terran Vehicle Weapons Level 1, Terran Vehicle And Ship Armor Level 1  
  127  7:41  Factory x2  
  127  7:43  Hellion x2  
  135  7:52  Medivac x2  
  140  7:59  Command Center  
  140  8:00  Siege Tank x2  
  146  8:08  Infernal Pre-Igniter  
  149  8:20  Missile Turret x3  
  149  8:25  Missile Turret  
  149  8:27  Hellion x2  
  149  8:29  Medivac x2  
  149  8:31  Factory Reactor  
  149  8:32  Factory Tech Lab  
  170  8:59  Viking  
  172  9:06  Viking  
  172  9:08  Sensor Tower  
  174  9:23  Refinery x2  
  185  9:25  Sensor Tower  
  185  9:27  Terran Vehicle Weapons Level 2  
  185  9:31  Command Center  
  189  9:54  Thor  
Spawning Tool Build Advisor. Get it on Overwolf

Go to:

Details

  • Created by: JimPanzee
  • Published on: Jun 25, 2025
  • Modified on: Jun 25, 2025
  • Patch: 5.0.11
  • Difficulty: Medium
Show
View Real Time Build Order
Export as new Build Order

Comments (0)

There are no comments. Be the first!

Create an account to comment!